 Dungeon Crawl Stone Soup version 0.27.1-2-g3b301248ec (webtiles) character file.

Game seed: 13062214252119638433

226 MisterFreud the Shield-Bearer (level 6, 0/53 HPs)
             Began as a Gnoll Fighter on Sept 29, 2021.
             Slain by an orc (2 damage)
             ... on level 3 of the Dungeon.
             The game lasted 00:03:46 (3757 turns).

MisterFreud the Shield-Bearer (Gnoll Fighter)       Turns: 3757, Time: 00:03:46

Health: 0/53       AC:  9    Str: 15    XL:     6   Next: 1%
Magic:  8/8        EV:  8    Int: 10    God:
Gold:   157        SH: 10    Dex: 11    Spells: 8/8 levels left

rFire    . . .     SeeInvis .   s - +1 hand axe (vamp)
rCold    . . .     Faith    .   c - +0 kite shield
rNeg     + . .     Spirit   .   b - +0 scale mail
rPois    .         Reflect  .   r - +0 helmet
rElec    .         Harm     .   (no cloak)
rCorr    .         Rampage  .   (no gloves)
Will     +....                  (no boots)
Stlth    ..........             (no amulet)
HPRegen  0.17/turn              f - ring of positive energy
MPRegen  0.11/turn              i - ring of willpower

@: no status effects
A: fangs 1, strong nose, distributed training
a: no special abilities


You were on level 3 of the Dungeon.
You visited 1 branch of the dungeon, and saw 4 of its levels.

You collected 157 gold pieces.

Inventory:

Hand Weapons
 a - a +0 rapier
 m - a +2 long sword of holy wrath
 s - a +1 vampiric hand axe (weapon)
Armour
 b - a +0 scale mail (worn)
 c - a +0 kite shield (worn)
 r - a +0 helmet (worn)
Jewellery
 f - a ring of positive energy (left hand)
 i - a ring of willpower (right hand)
 j - a +6 ring of dexterity
Scrolls
 p - a scroll of noise {unknown}
 q - a scroll of silence {unknown}
 t - a scroll of vulnerability {unknown}
 u - a scroll of identify {unknown}
Potions
 d - 3 potions of might
 e - 2 potions of ambrosia {unknown}
 g - a potion of heal wounds {unknown}
 h - a potion of cancellation {unknown}
 k - 4 potions of curing {unknown}
 l - a potion of mutation {unknown}
 n - 2 potions of invisibility {unknown}
 o - a potion of resistance {unknown}


   Skills:
 + Level 6.7 Fighting
 + Level 4.9 Short Blades
 + Level 1.7 Long Blades
 + Level 1.7 Axes
 + Level 1.7 Maces & Flails
 + Level 1.7 Polearms
 + Level 1.7 Staves
 + Level 1.7 Slings
 + Level 1.7 Bows
 + Level 1.7 Crossbows
 + Level 1.7 Throwing
 + Level 6.7 Armour
 + Level 1.7 Dodging
 + Level 1.7 Stealth
 + Level 6.7 Shields
 + Level 1.7 Unarmed Combat
 + Level 1.7 Spellcasting
 + Level 1.3 Conjurations
 + Level 1.3 Hexes
 + Level 1.3 Summonings
 + Level 1.3 Necromancy
 + Level 1.3 Translocations
 + Level 1.3 Transmutations
 + Level 1.3 Fire Magic
 + Level 1.3 Ice Magic
 + Level 1.3 Air Magic
 + Level 1.3 Earth Magic
 + Level 1.3 Poison Magic
 + Level 2.0 Invocations
 + Level 1.7 Evocations


You had 8 spell levels left.
You didn't know any spells.
Your spell library contained the following spells:

 Spells                   Type           Power      Damage    Failure   Level
 Passwall                 Tmut/Erth      2%         N/A       95%         2
 Swiftness                Air            3%         N/A       99%         3
 Invisibility             Hex            1%         N/A       100%        6


Dungeon Overview and Level Annotations

Branches:
Dungeon (4/15)
 Temple: D:4-7

Altars:
Zin


Innate Abilities, Weirdness & Mutations

You have very sharp teeth.
Your uncanny sense of smell can sniff out nearby items.
Your experience applies equally to all skills.


Message History

You feel very sick.
You feel very sick.
You feel very sick.
You feel sick.
The orc wizard mumbles some strange words.
The orc wizard flickers and vanishes!
Deactivating autopickup; reactivate with Ctrl-A.
You feel sick.
You feel sick. You block the orc's attack.
You feel sick.
You feel sick.
You see here 20 sling bullets.
You feel sick.
You feel sick.
You feel sick.
You are no longer poisoned.
Things that are here:
a +0 leather armour; a +0 short sword
There is a stone staircase leading up, spattered with blood here.
Items here: ))))) [.
You block the orc's attack.
You climb upwards.
Reactivating autopickup.
There is a stone staircase leading down here.
You hit the orc.
The orc is moderately wounded.
The orc hits you but does no damage.
You hit the orc but do no damage.
The orc is moderately wounded.
The orc barely misses you.
You hit the orc.
The orc is severely wounded.
The orc hits you with a +0 flail!
* * * LOW HITPOINT WARNING * * *
The orc hits you with a +0 flail.
* * * LOW HITPOINT WARNING * * *
You hit the orc but do no damage.
The orc is severely wounded.
The orc hits you with a +0 flail.
You die...

####.# #.# #.#
################# #.#
#...............# #.#
#.####....###...# #.#
#.#.....#####...# #.#
#.#.##..........# #.#
#.#.#..#######))# #.#
#.#.#...o@...([.# #.#
#.#.#..###.###..# #.#
#.#.#...........# #.#
#.#.##.#...###..# #<#
#.#.##.#.######.# #.#
#.#.##..........#
#.###.#.####.########
#...#.#.####.#
###.#.#.#....#


You could see an orc.

Vanquished Creatures
  An iguana (D:4)
  Jessica (D:3)
  An orc wizard (D:4)
  Robin (D:3)
  4 adders
  2 worms (D:2)
  2 dart slugs
  5 orcs
  9 ball pythons
  8 bats
  5 endoplasms
  2 giant cockroaches
  10 goblins
  14 hobgoblins
  4 kobolds
  A quokka (D:1)
  5 frilled lizards
  9 rats
84 creatures vanquished.

Notes
Turn   | Place    | Note
-------+----------+-------------------------------------------
     0 | D:1      | MisterFreud the Gnoll Fighter began the quest for the Orb.
     0 | D:1      | Reached XP level 1. HP: 23/23 MP: 1/1
   199 | D:1      | Reached XP level 2. HP: 29/29 MP: 2/2
   517 | D:1      | Reached XP level 3. HP: 24/35 MP: 3/3
  1540 | D:2      | Reached skill level 1 in Invocations
  1553 | D:2      | Found a glowing silver altar of Zin.
  1577 | D:2      | Reached skill level 1 in Long Blades
  1577 | D:2      | Reached skill level 1 in Axes
  1577 | D:2      | Reached skill level 1 in Maces & Flails
  1577 | D:2      | Reached skill level 1 in Polearms
  1577 | D:2      | Reached skill level 1 in Staves
  1577 | D:2      | Reached skill level 1 in Slings
  1577 | D:2      | Reached skill level 1 in Bows
  1577 | D:2      | Reached skill level 1 in Crossbows
  1577 | D:2      | Reached skill level 1 in Throwing
  1577 | D:2      | Reached skill level 1 in Dodging
  1577 | D:2      | Reached skill level 1 in Stealth
  1577 | D:2      | Reached skill level 1 in Unarmed Combat
  1577 | D:2      | Reached skill level 1 in Spellcasting
  1577 | D:2      | Reached skill level 1 in Evocations
  1687 | D:2      | Reached XP level 4. HP: 28/41 MP: 5/5
  2260 | D:3      | Reached skill level 1 in Conjurations
  2260 | D:3      | Reached skill level 1 in Hexes
  2260 | D:3      | Reached skill level 1 in Summonings
  2260 | D:3      | Reached skill level 1 in Necromancy
  2260 | D:3      | Reached skill level 1 in Translocations
  2260 | D:3      | Reached skill level 1 in Transmutations
  2260 | D:3      | Reached skill level 1 in Fire Magic
  2260 | D:3      | Reached skill level 1 in Ice Magic
  2260 | D:3      | Reached skill level 1 in Air Magic
  2260 | D:3      | Reached skill level 1 in Earth Magic
  2260 | D:3      | Reached skill level 1 in Poison Magic
  2724 | D:4      | Reached XP level 5. HP: 16/47 MP: 5/7
  2935 | D:3      | Noticed Robin
  2952 | D:3      | Killed Robin
  3374 | D:3      | Noticed Jessica
  3406 | D:3      | Killed Jessica
  3736 | D:4      | Reached XP level 6. HP: 51/53 MP: 8/8
  3756 | D:3      | HP: 2/53 [orc (3)]
  3757 | D:3      | Slain by an orc

Illustrated notes

Levels and vault maps discovered:
D:1:      erik_arrival_triangle_large, layout_basic, minmay_nonomino_d4
D:2:      layout_basic, basic_altar, kennysheep_generic_room_12
D:3:      layout_basic, uniq_jessica, uniq_robin
D:4:      minmay_chambers_of_fours, layout_basic, interstate_on_off,
          serial_bayou_pond_b, minmay_goblin_kobold_house

Skill      XL: |  1  2  3  4  5  6 |
---------------+-------------------+-----
Invocations    | 1 2 |  2.0
Long Blades    | 1 |  1.7
Axes           | 1 |  1.7
Maces & Flails | 1 |  1.7
Polearms       | 1 |  1.7
Staves         | 1 |  1.7
Slings         | 1 |  1.7
Bows           | 1 |  1.7
Crossbows      | 1 |  1.7
Throwing       | 1 |  1.7
Dodging        | 1 |  1.7
Stealth        | 1 |  1.7
Unarmed Combat | 1 |  1.7
Spellcasting   | 1 |  1.7
Evocations     | 1 |  1.7
Conjurations   | 1 |  1.3
Hexes          | 1 |  1.3
Summonings     | 1 |  1.3
Necromancy     | 1 |  1.3
Translocations | 1 |  1.3
Transmutations | 1 |  1.3
Fire Magic     | 1 |  1.3
Ice Magic      | 1 |  1.3
Air Magic      | 1 |  1.3
Earth Magic    | 1 |  1.3
Poison Magic   | 1 |  1.3
Fighting       | |  6.7
Short Blades   | |  4.9
Armour         | |  6.7
Shields        | |  6.7

Action                   |  1- 3 |  4- 6 || total
-------------------------+-------+-------++-------
Melee: Rapier            |   129 |   114 ||   243
       Bite              |     8 |    12 ||    20
       Hand axe          |       |    60 ||    60
Armor: Scale mail        |    45 |    72 ||   117
Dodge: Dodged            |    31 |    51 ||    82
Block: Kite shield       |    54 |   102 ||   156
